cohdb
Replays
Latest Replays
All Replays
Popular Replays
Top Player Replays
Match Explorer
How It Works
Community
CoH3 Stats
Reddit
Sign in to upload your games and track your stats! →
Sign in with Steam
Match 45832299
Unlisted
Match 45832299
Overview
Messages
Build Orders
End
Panzergrenadier Squad
Selects Panzerjäger Kommand Battlegroup
Panzergrenadier Squad
Panzergrenadier Squad
Construct Light Support Kompanie
Selects Mine Fields
Selects Tank Busters
Fire Support Elements
2.5-tonne Medical Truck
le.IG 18 Mechanized Group
Veteran Squad Leaders
Pak 38 Anti-tank Gun Team
Construct Panzerarmee Kommand
Selects Crew Shock Tactics
Panzer III L Medium Tank
L like Léon
[PD] [9C] [FT] Claudius Tacitus
Nico-Nico-Nii~~
Mettiu
Washbag23
Rex Rattus
lucas
Greykiller
0
0
Comments
sign in to comment!
No comments posted yet!